AoeStats
← gabrielpiaia

Lombardia

508755390Analyzed
4v4 RM · 8d ago on Sep 23, 2026· 51m 17s· 8 players
Game mode
Random Map
Map size
Large (8 player)
Population
200
Speed
Normal
Resources
Standard
Victory
Conquest
Starting age
Dark Age
Ending age
Imperial Age
RankedLock teamsTeams togetherTeam positionsShared explorationLock speedFull tech treeHidden civsTurbo modeCheats
Victory
Defeat
🇧🇷 Slavs · Brazil
1010
+29
🇦🇷 Franks · Argentina
998
+16
🇦🇷 Khmer · Argentina
904
+20
🇹🇷 Italians · Türkiye
839
+23
🇨🇦 Saxons · Canada
1030
-20
🇵🇱 Franks · Poland
1000
-58
🇨🇴 Spanish · Colombia
994
-19
🇺🇸 Malians · United States
932
-43
ShrimpBro
JAKOW45
9:59 Feudal Age
17:39 Loom
20:14 Castle Age
22:48 Double-Bit Axe
24:45 Horse Collar
29:20 Scale Barding Armor
35:29 Imperial Age
33:42 Wheelbarrow
32:54 Town Watch
35:26 Sanctity
35:19 Fervor
35:09 Herbal Medicine
35:45 Ballistics
35:56 Inquisition
41:20 Elite Conquistador
47:09 Chemistry
47:42 Hand Cart
47:30 Town Patrol
GR4Y_BE4RD
7:49 Loom
10:12 Feudal Age
10:54 Double-Bit Axe
11:26 Horse Collar
17:07 Castle Age
17:46 Wheelbarrow
17:58 Town Watch
20:46 Bow Saw
23:31 Gold Mining
25:29 Hand Cart
25:00 Town Watch
29:34 Imperial Age
28:17 Gold Shaft Mining
27:56 Fletching
28:07 Padded Archer Armor
29:08 Thumb Ring
29:32 Ballistics
29:17 Husbandry
33:49 Chemistry
32:46 Bodkin Arrow
33:07 Leather Archer Armor
33:06 Bloodlines
32:19 Cranequins
33:54 Bracer
34:48 Caravan
36:03 Town Patrol
36:33 Heavy Mounted Crossbowman
39:31 Ring Archer Armor
45:59 Fortified Wall
46:01 Masonry
45:56 Siege Engineers
adrian.kurczewski
1:43 Loom
11:29 Feudal Age
12:46 Wheelbarrow
12:01 Double-Bit Axe
13:50 Town Watch
15:07 Gold Mining
22:47 Castle Age
24:27 Fervor
24:27 Squires
25:23 Pikeman
26:32 Crossbowman
27:09 Gambesons
28:49 Scale Mail Armor
31:26 Forging
33:58 Ballistics
33:50 Masonry
35:26 Iron Casting
36:20 Hand Cart
39:31 Chain Mail Armor
39:23 Scale Barding Armor
40:59 Stone Mining
41:47 Gold Shaft Mining
41:18 Husbandry
43:07 Murder Holes
42:56 Treadmill Crane
43:05 Arson
44:17 Padded Archer Armor
44:07 Fletching
44:40 Chain Barding Armor
44:12 Fletching
50:32 Imperial Age
48:21 Leather Archer Armor
48:02 Bodkin Arrow
47:32 Elite Skirmisher
48:37 Bow Saw
49:26 Caravan
50:35 Elite Throwing Axeman
51:51 Conscription
Pancito
5:47 Loom
8:36 Loom
10:26 Feudal Age
11:47 Double-Bit Axe
15:28 Gold Mining
18:44 Castle Age
20:08 Husbandry
22:25 Wheelbarrow
22:15 Forging
26:53 Iron Casting
28:27 Scale Barding Armor
33:54 Hand Cart
37:42 Imperial Age
36:13 Bow Saw
36:47 Town Watch
38:00 Ballistics
38:59 Town Patrol
38:38 Cavalier
38:39 Light Cavalry
40:23 Blast Furnace
39:44 Chain Barding Armor
40:07 Caravan
41:15 Chemistry
40:20 Siege Engineers
39:52 Elite Throwing Axeman
39:59 Ordonnance Companies
40:30 Paladin
45:45 Plate Barding Armor
gabrielpiaia
11:27 Feudal Age
11:08 Loom
12:42 Double-Bit Axe
15:48 Wheelbarrow
18:31 Castle Age
16:27 Gold Mining
16:30 Stone Mining
16:28 Horse Collar
19:11 Forging
21:13 Gold Shaft Mining
20:28 Stone Mining
21:18 Bow Saw
22:53 Man-at-Arms
23:34 Squires
25:46 Iron Casting
25:23 Scale Barding Armor
27:01 Iron Casting
26:19 Light Cavalry
27:43 Husbandry
27:53 Bloodlines
33:41 Hand Cart
39:42 Scale Mail Armor
43:02 Imperial Age
40:02 Long Swordsman
43:55 Chain Mail Armor
43:13 Two-Handed Swordsman
43:29 Pikeman
44:37 Druzhina
44:59 Conscription
44:34 Champion
46:17 Blast Furnace
45:48 Plate Mail Armor
45:21 Hussar
lcnesteruk
12:30 Feudal Age
13:06 Double-Bit Axe
19:40 Castle Age
17:24 Horse Collar
19:06 Stone Mining
19:09 Gold Mining
23:57 Bloodlines
23:48 Husbandry
30:18 Pikeman
34:21 Imperial Age
32:15 Scale Barding Armor
34:15 Bow Saw
34:28 Elite Skirmisher
36:51 Chemistry
36:04 Forging
42:53 Iron Casting
42:39 Chain Barding Armor
44:09 Gold Shaft Mining
44:17 Halberdier
48:06 Wheelbarrow
49:07 Plate Barding Armor
49:33 Blast Furnace
48:23 Fletching
49:39 Heavy Plow
49:33 Light Cavalry
50:58 Tusk Swords
50:51 Town Watch
50:41 Hussar
51:41 Scale Mail Armor
Zedarr
0:36 Loom
13:57 Feudal Age
15:55 Double-Bit Axe
15:54 Horse Collar
16:17 Gold Mining
19:27 Stone Mining
22:52 Castle Age
21:59 Bloodlines
26:35 Stone Shaft Mining
26:45 Wheelbarrow
29:25 Hand Cart
29:29 Caravan
30:21 Treadmill Crane
31:10 Silk Road
34:37 Imperial Age
33:49 Squires
33:35 Arson
34:40 Padded Archer Armor
34:31 Fletching
34:54 Forging
34:45 Scale Mail Armor
35:11 Ballistics
36:40 Chemistry
35:56 Heavy Plow
36:08 Bow Saw
36:19 Elite Skirmisher
37:04 Thumb Ring
40:00 Guilds
42:55 Pikeman
45:40 Leather Archer Armor
45:21 Bodkin Arrow
46:02 Iron Casting
45:43 Chain Mail Armor
Connection lost

Rejoining the realm…

Still unreachable

The connection could not be restored.

Session expired

The server has moved on; the page needs a fresh start.